AoeStats
← O Nikos O Fermas

Arena

505474439Analyzed
2v2 RM · 24d ago on Sep 9, 2026· 46m 9s· 4 players
Game mode
Random Map
Map size
Medium (4 player)
Population
200
Speed
Normal
Resources
Standard
Victory
Conquest
Starting age
Dark Age
Ending age
Imperial Age
RankedLock teamsTeams togetherTeam positionsShared explorationLock speedFull tech treeHidden civsTurbo modeCheats
Victory
Defeat
🇬🇷 Wu · Greece
633
+15
🇬🇷 Inca · Greece
633
+15
🇺🇾 Malay · Uruguay
710
-19
🇫🇷 Britons · France
498
-11
O Nikos O Fermas
1:35 Loom
11:39 Feudal Age
12:18 Double-Bit Axe
12:29 Gold Mining
24:04 Castle Age
22:12 Scale Mail Armor
24:40 Forging
25:52 Chain Mail Armor
28:27 Iron Casting
28:23 Bow Saw
27:54 Horse Collar
31:51 Heavy Plow
35:32 Imperial Age
34:27 Champi Runner
35:32 Champi Warrior
37:12 Plate Mail Armor
37:43 Blast Furnace
37:55 Stone Mining
38:56 Fabric Shields
39:27 Elite Champi Warrior
42:34 Squires
42:22 Arson
mictsan
11:54 Feudal Age
10:12 Loom
13:23 Loom
14:16 Wheelbarrow
16:13 Town Watch
16:23 Double-Bit Axe
18:55 Gold Mining
19:04 Arson
20:46 Scale Mail Armor
21:08 Horse Collar
22:10 Stone Mining
23:13 Forging
28:42 Castle Age
29:16 Pikeman
30:01 Squires
31:46 Heavy Plow
32:06 Chain Mail Armor
32:27 Iron Casting
35:15 Hand Cart
36:08 Bow Saw
36:03 Padded Archer Armor
35:53 Fletching
39:39 Gold Shaft Mining
41:37 Imperial Age
41:50 Imperial Age
39:28 Bodkin Arrow
43:13 Conscription
42:14 Elite Fire Archer
Sebgir
12:16 Feudal Age
13:58 Wheelbarrow
18:57 Double-Bit Axe
18:54 Horse Collar
21:12 Stone Mining
21:21 Gold Mining
26:02 Castle Age
26:07 Forging
25:48 Fletching
26:07 Scale Barding Armor
27:09 Bow Saw
28:34 Gold Shaft Mining
28:09 Heavy Plow
28:15 Pikeman
30:54 Murder Holes
30:44 Treadmill Crane
35:22 Ballistics
35:13 Masonry
37:12 Hand Cart
38:04 Scale Mail Armor
40:17 Iron Casting
39:38 Bodkin Arrow
39:57 Fortified Wall
40:25 Caravan
44:52 Imperial Age
43:44 Yeomen
DonGato
11:01 Feudal Age
9:59 Loom
13:47 Double-Bit Axe
17:06 Wheelbarrow
16:15 Horse Collar
22:11 Castle Age
20:46 Fletching
21:15 Padded Archer Armor
21:21 Town Watch
22:41 Bow Saw
24:00 Gold Mining
26:07 Hand Cart
26:38 Heavy Plow
28:15 Bodkin Arrow
28:36 Leather Archer Armor
30:00 Elite Skirmisher
33:55 Imperial Age
31:56 Scale Barding Armor
34:02 Ballistics
34:43 Chemistry
33:53 Crossbowman
35:06 Treadmill Crane
37:56 Bracer
38:26 Ring Archer Armor
38:28 Capped Ram
42:24 Hand Cart
42:50 Crop Rotation
42:59 Gold Shaft Mining
42:15 Stone Mining
42:24 Arbalester
43:10 Thumb Ring
42:42 Pikeman
45:36 Cavalier
Connection lost

Rejoining the realm…

Still unreachable

The connection could not be restored.

Session expired

The server has moved on; the page needs a fresh start.